 Dungeon Crawl Stone Soup version 0.31-a0-1537-g69dc257577 (webtiles) character file.

Game seed: 2173154219117114506

46 RepoMan the Grave Robber (level 3, 0/26 HPs)
             Began as a Ghoul Necromancer on Jan 1, 2024.
             Slain by an orc
             ... wielding a +0 trident
              (7 damage)
             ... on level 3 of the Dungeon.
             The game lasted 00:10:41 (2112 turns).

RepoMan the Grave Robber (Ghoul Necromancer)        Turns: 2112, Time: 00:10:41

Health: 0/26       AC:  2    Str: 11    XL:     3   Next: 68%
Magic:  1/6        EV: 12    Int: 16    God:
Gold:   196        SH:  0    Dex:  9    Spells: 2/6 levels left

rFire   . . .        (no weapon)
rCold   + . .        (no shield)
rNeg    + + +        a - +0 robe
rPois   ∞            (no helmet)
rElec   .            (no cloak)
rCorr   .            (no gloves)
SInv    .            (no boots)
Will    .....        (no amulet)
Stlth   ++           (no ring)
HPRegen 0.00/turn    (no ring)
MPRegen 0.10/turn

%: no passive effects
@: inhibited regen
A: claws 1, cold resistance 1, negative energy resistance 3, inhibited
regeneration, torment resistance 2, devour on kill
a: no special abilities


You were on level 3 of the Dungeon.
You visited 1 branch of the dungeon, and saw 3 of its levels.

You collected 196 gold pieces.

Inventory:

Hand Weapons
 o - a +0 hand axe
Missiles
 j - 3 darts of dispersal
 m - 23 stones
 n - 9 poisoned darts
Armour
 a - a +0 robe (worn)
Magical Staves
 e - a staff of conjuration
 p - a staff of alchemy
Jewellery
 h - an amulet of guardian spirit
Scrolls
 g - a scroll of brand weapon
 i - a scroll of poison
 k - a scroll of immolation {unknown}
 l - a scroll of enchant weapon {unknown}
 q - a scroll of teleportation {unknown}
 r - a scroll of blinking {unknown}
 s - a scroll of revelation {unknown}
 t - a scroll of identify
Potions
 c - a potion of lignification {unknown}
 d - a potion of enlightenment {unknown}
 f - a potion of cancellation {unknown}


   Skills:
 - Level 1.7 Dodging
 - Level 2.1 Stealth
 - Level 2.2 Spellcasting
 * Level 5.0 Necromancy


You had 2 spell levels left.
You knew the following spells:

 Your Spells              Type           Power      Damage    Failure   Level
d - Vampiric Draining     Necr           17%        2d7       8%          3
n - Necrotise             Necr           68%        1d7       2%          1

Your spell library contained the following spells:

 Spells                   Type           Power      Damage    Failure   Level
 Static Discharge         Conj/Air       2%         3-4/arc   30%         2
 Animate Dead             Necr           17%        N/A       26%         4
 Curse of Agony           Necr           17%        N/A       56%         5
 Airstrike                Air            0%         2d(1-17)  90%         4
 Summon Lightning Spire   Summ/Air       1%         N/A       90%         4


Dungeon Overview and Level Annotations

Branches:
Dungeon (3/15)

Altars:


Innate Abilities, Weirdness & Mutations

You are immune to poison.
You have sharp fingernails.
Your flesh is cold resistant. (rC+)
You are immune to negative energy. (rN+++)
You do not regenerate when monsters are visible.
You are immune to unholy pain and torment.
You thrive by killing the living.


Message History

The orc priest hits you with a +0 short sword.
An orc comes into view. It is wielding a +0 trident.
Your orc skeleton hits the orc priest.
The orc priest writhes in agony.
The orc priest looks satisfied for a moment.
Your orc skeleton barely misses the orc priest.
You closely miss the orc priest.
The orc priest is severely wounded.
The orc priest hits you with a +0 short sword.
Your orc skeleton barely misses the orc priest.
You closely miss the orc priest.
The orc priest is severely wounded.
The orc priest barely misses you.
Your orc skeleton hits the orc priest but does no damage.
You scratch the orc priest.
The orc priest is severely wounded.
A bat comes into view.
Something hits you.
Deactivating autopickup; reactivate with Ctrl-A.
The orc priest closely misses you.
The bat moves out of view.
You scratch the orc priest but do no damage.
The orc priest is severely wounded.
Something hits you.
The orc priest looks encouraged for a moment.
Your orc skeleton hits the orc priest but does no damage.
The orc hits you with a +0 falchion.
* * * LOW HITPOINT WARNING * * *
The orc priest hits your orc skeleton with a +0 short sword.
The orc hits your orc skeleton with a +0 falchion!
Your orc skeleton is destroyed!
Okay, then.
Unknown command.
You feel better. Something hits you.
The air fills with toxic fumes!
As you read the scroll of poison, it crumbles to dust.
The orc priest hits you with a +0 short sword.
Something hits you.
* * * LOW HITPOINT WARNING * * *
The orc hits you from afar with a +0 trident!
You die...

................#...#...
##§§§§§###.##.#.#.....
#§§§§§§.#.#..#....)..
#§§§§§#.#.#.########.
#§§§§§#.#.# ......
########§§§§§#.#.#
######
#.....§§§§§§§#.#.# #
##.######§§§##§#.#
..§§§§§§§@§§§#.#
..#####§.o#### #§oo#
#§§§# ###§# #§§. ###...
..o>. ....


You could see an orc priest and 2 orcs.

Vanquished Creatures
  A dart slug (D:3)
  An orc (D:3)
  3 bats (D:2)
  4 endoplasms
  A giant cockroach (D:2)
  3 goblins
  6 hobgoblins
  4 kobolds
  2 quokkas
  5 ball pythons
  A frilled lizard (D:1)
  6 rats
37 creatures vanquished.

Vanquished Creatures (collateral kills)
  2 frilled lizards (D:1)
  A rat (D:2)
3 creatures vanquished.

Grand Total: 40 creatures vanquished

Notes
Turn   | Place    | Note
-------+----------+-------------------------------------------
     0 | D:1      | RepoMan the Ghoul Necromancer began the quest for the Orb.
     0 | D:1      | Reached XP level 1. HP: 14/14 MP: 3/3
   199 | D:1      | Reached XP level 2. HP: 20/20 MP: 0/4
   337 | D:1      | Found a faded altar of an unknown god.
  1196 | D:2      | Reached XP level 3. HP: 26/26 MP: 3/6
  1329 | D:2      | Learned a level 3 spell: Vampiric Draining
  1976 | D:3      | Reached skill level 5 in Necromancy
  2112 | D:3      | Slain by an orc

Illustrated notes

Levels and vault maps discovered:
D:1:      sevenhm_arrival_forest_fort_small_5, layout_loops_ring,
          shapermc_ecumenical_altar_notcrosses
D:2:      layout_rooms
D:3:      layout_basic, wad_floor_pattern_2, st_stairs_4,
          chequers_serial_rivers_micro_b, saegor_snake_ambush

Skill      XL: |  1  2  3 |
---------------+----------+-----
Spellcasting   | 2 |  2.2
Necromancy     | 5 |  5.0
Dodging        | |  1.7
Stealth        | |  2.1

Action                     || total
---------------------------++-------
  Melee: Dagger            ||     5
         Unarmed           ||     8
   Cast: Necrotise         ||    81
    Use: Potion            ||     2
         Scroll            ||     4
 Armour: Robe              ||    23
  Dodge: Dodged            ||    36

Table legend: (Time is in decaauts)
 A = Elapsed time spent in this place.
 B = Non-inter-level travel time spent in this place.
 C = Inter-level travel time spent in this place.
 D = Time resting spent in this place.
 E = Time spent auto-exploring this place.
 F = Levels seen in this place.
 G = Mean time per level.
                   A        B        C        D        E       F      G
               +--------+--------+--------+--------+--------+-----+--------+
         Total |   2124 |   2073 |     51 |    210 |   1216 |   3 |  708.0 |
       Dungeon |   2124 |   2073 |     51 |    210 |   1216 |   3 |  708.0 |
               +--------+--------+--------+--------+--------+-----+--------+

Top non-repeatable levels by time:
     D:1: 1055 daAuts
     D:2: 737 daAuts
     D:3: 331 daAuts
